Map: Eternal Empire LE

Players

RabidMonkey

  • Race: Protoss Protoss
  • League: Master
  • Spawn Location: 7:00

ExehnTV - Winner!

  • Race: Protoss Protoss
  • League: Master
  • Spawn Location: 1:00

VOD

https://youtu.be/2ilqcMJNCog

Description

Time

  • Played on: Aug. 4, 2020, 10:12 a.m.
  • Length: 5:57
Show
View Real Time Build Order
Export as new Build Order

RabidMonkey Protoss 

Build Orders:  

Get SALT Encoding   

  12  0:00  Probe  
  13  0:13  Probe  
  14  0:18  Pylon  
  14  0:25  Probe  
  15  0:37  Gateway  
  15  0:39  Probe (Chrono Boost)  
  16  0:46  Assimilator  
  17  0:50  Probe (Chrono Boost)  
  17  0:54  Assimilator  
  17  0:56  Probe  
  18  1:08  Probe  
  19  1:17  Gateway  
  19  1:20  Probe  
  20  1:27  Cybernetics Core  
  20  1:34  Probe  
  21  1:40  Pylon  
  21  1:49  Pylon, Probe  
  22  2:07  Stalker x2  
  26  2:13  Pylon  
  26  2:15  Warp Gate (Chrono Boost)  
  26  2:27  Probe  
  27  2:31  Robotics Facility  
  27  2:38  Stalker  
  27  2:39  Probe  
  30  2:44  Stalker  
  32  3:19  Immortal (Chrono Boost)  
  36  3:30  Pylon  
  36  3:34  Gateway  
  36  3:48  Warp Prism (Chrono Boost)  
  36  3:53  Pylon  
  38  4:16  Immortal (Chrono Boost)  
  42  4:28  Sentry x2  
  42  4:30  Stalker  
  42  5:01  Immortal  
  42  5:04  Sentry, Stalker x2  
  52  5:08  Pylon  
  36  5:45  Stalker x3  
Show
View Real Time Build Order
Export as new Build Order

ExehnTV Protoss - Winner!

Build Orders: 1 Gate Expand 

Get SALT Encoding   

  12  0:02  Probe  
  13  0:14  Probe  
  14  0:20  Pylon  
  14  0:26  Probe (Chrono Boost)  
  15  0:38  Probe (Chrono Boost)  
  15  0:39  Gateway  
  16  0:47  Probe (Chrono Boost)  
  17  0:52  Probe, Assimilator  
  18  1:05  Probe  
  19  1:17  Probe  
  20  1:25  Assimilator  
  20  1:26  Cybernetics Core  
  20  1:38  Nexus  
  20  1:42  Probe  
  21  1:48  Pylon  
  21  1:52  Assimilator  
  21  1:54  Probe  
  22  2:03  Warp Gate (Chrono Boost)  
  22  2:05  Stalker (Chrono Boost)  
  24  2:10  Probe  
  25  2:24  Pylon  
  25  2:27  Probe  
  25  2:28  Stalker  
  28  2:43  Robotics Facility  
  28  2:45  Probe  
  28  2:48  Shield Battery  
  29  2:55  Probe  
  29  2:58  Probe, Stalker  
  33  3:07  Probe  
  33  3:10  Probe  
  34  3:19  Probe  
  35  3:27  Probe  
  35  3:28  Stalker  
  35  3:31  Probe  
  35  3:32  Immortal (Chrono Boost)  
  39  3:40  Probe  
  44  3:44  Probe  
  45  3:53  Gateway  
  45  3:54  Gateway  
  45  3:59  Pylon  
  45  4:05  Probe  
  46  4:11  Pylon  
  46  4:14  Immortal (Chrono Boost)  
  50  4:22  Sentry  
  52  4:33  Probe  
  52  4:36  Pylon  
  53  4:47  Stalker  
  55  4:59  Stalker x2, Immortal (Chrono Boost)  
  59  5:03  Probe  
  59  5:06  Pylon  
  64  5:07  Probe  
  64  5:11  Stalker  
  67  5:14  Shield Battery  
  67  5:21  Gateway  
  67  5:22  Gateway  
  67  5:23  Stalker  
  60  5:45  Adept  
  60  5:46  Adept x2  
Tags
 
Add a new tag
Caveats
  • Supply blocks, unpowered buildings, or Contaminate may cause inaccurate times.
  • Supply counts are checked every 10 seconds.